 Dungeon Crawl Stone Soup version 0.26-a0-639-g72c4674329 (webtiles) character file.

Game seed: 51640655403504958

253 DogServant the Magician (level 5, -2/28 HPs)
             Began as a Deep Elf Air Elementalist on Sept 15, 2020.
             Slain by a gnoll (5 damage)
             ... on level 4 of the Dungeon.
             The game lasted 00:08:39 (4085 turns).

DogServant the Magician (Deep Elf Air Elementalist) Turns: 4085, Time: 00:08:40

Health: -2/28      AC:  3    Str:  5    XL:     5   Next: 90%
Magic:  3/14       EV: 12    Int: 21    God:
Gold:   110        SH:  0    Dex: 15    Spells: 4/14 levels left

rFire    . . .     SeeInvis .   o - +2 dagger (vamp)
rCold    . . .     Faith    .   (no shield)
rNeg     . . .     Spirit   .   a - +0 robe
rPois    .         Reflect  .   (no helmet)
rElec    .         Harm     .   (no cloak)
rCorr    .         Rampage  .   s - +0 pair of gloves
MR       .....                  (no boots)
Stlth    ++........             (no amulet)
HPRegen  0.09/turn              (no ring)
MPRegen  0.14/turn              (no ring)

@: swift (expiring), drained, quick
A: no striking features
a: no special abilities


You were on level 4 of the Dungeon.
You visited 1 branch of the dungeon, and saw 4 of its levels.

You collected 110 gold pieces.

Inventory:

Hand Weapons
 k - a +0 dagger
 o - a +2 vampiric dagger (weapon)
Armour
 a - a +0 robe (worn)
 s - a +0 pair of gloves (worn)
Jewellery
 e - an uncursed amulet of regeneration {unknown}
 i - an uncursed amulet of the acrobat
 p - an uncursed ring of protection from magic {unknown}
 w - an uncursed ring of magical power
 y - an uncursed ring of stealth {unknown}
Scrolls
 c - 3 scrolls of amnesia {unknown}
 d - 2 scrolls of fog {unknown}
 f - a scroll of fear {unknown}
 j - a scroll of magic mapping {unknown}
 l - a scroll of random uselessness {unknown}
 q - a scroll of identify {unknown}
 t - a scroll of enchant armour {unknown}
 v - 3 scrolls of teleportation {unknown}
Potions
 b - a potion of cancellation {unknown}
 g - 2 potions of heal wounds {unknown}
 h - 2 potions of curing {unknown}
 m - a potion of flight {unknown}
 n - 2 potions of stabbing {unknown}
 r - a potion of might {unknown}
 u - a potion of lignification {unknown}
 x - a potion of magic {unknown}
 z - a potion of haste {unknown}


   Skills:
 - Level 2.4(1.6) Dodging
 - Level 2.4(1.6) Stealth
 + Level 5.2(4.4) Spellcasting
 + Level 3.7(3.0) Conjurations
 + Level 4.6(3.8) Air Magic


You had 4 spell levels left.
You knew the following spells:

 Your Spells              Type           Power        Failure   Level
a - Shock                 Conj/Air       ###.         2%          1
b - Swiftness             Air            ###.....     3%          2
c - Static Discharge      Conj/Air       ###.....     9%          3
d - Airstrike             Air            ###.......   24%         4

Your spell library contained the following spells:

 Spells                   Type           Power        Failure   Level
 Lightning Bolt           Conj/Air       ###.......   61%         5


Dungeon Overview and Level Annotations

Branches:
Dungeon (4/15)
 Temple: D:4-7

Altars:


Message History

* * * LOW HITPOINT WARNING * * *
Okay, then.
Okay, then.
The gnoll barely misses you.
You start to feel a little slower.
The gnoll hits you but does no damage.
Okay, then.
Casting: Swiftness (safe; 3% risk of failure)
Confirm with . or Enter, or press ? or * to list all spells.
Okay, then.
Okay, then.
Casting: Swiftness (safe; 3% risk of failure)
Confirm with . or Enter, or press ? or * to list all spells.
Aiming: Shock (safe; 2% risk of failure)
Press: ? - help, Shift-Dir - straight line, f - gnoll
Aim: a gnoll (moderately wounded, fast)
The zap hits the gnoll.
The gnoll is severely wounded.
The gnoll hits you.
You die...

###+###...##.##....##....##....
##...##.##....##..........
#.........................
#.........................
#.........................
+.........................
#....#........##....##....
########.g....##....##....
#..@..........#.....
#.............+.....
#.............#.....
#.......##...###..##
#.......##...###..##
#.......#....#....#.
#.......#....#....#.
####....##...'....#.
#....##...####.#


You could see a gnoll (fast).

Vanquished Creatures
  A worker ant (D:4)
  8 gnolls
  5 adders
  An ooze (D:1)
  3 worms (D:2)
  A dart slug (D:1)
  2 leopard geckos
  An orc (D:3)
  4 giant cockroaches
  12 goblins
  9 hobgoblins
  12 jackals
  5 kobolds
  2 quokkas
  3 ball pythons
  9 bats
  3 frilled lizards
  A jackal skeleton (D:4)
  7 rats
89 creatures vanquished.

Notes
Turn   | Place    | Note
-------+----------+-------------------------------------------
     0 | D:1      | DogServant the Deep Elf Air Elementalist began the quest
                  | for the Orb.
     0 | D:1      | Reached XP level 1. HP: 10/10 MP: 6/6
   116 | D:1      | Reached XP level 2. HP: 15/15 MP: 0/8
   719 | D:1      | Reached XP level 3. HP: 4/19 MP: 0/10
  1736 | D:2      | Reached skill level 4 in Spellcasting
  2047 | D:2      | Reached XP level 4. HP: 24/24 MP: 9/12
  3176 | D:3      | Learned a level 2 spell: Swiftness
  3180 | D:3      | Learned a level 3 spell: Static Discharge
  3185 | D:3      | Learned a level 4 spell: Airstrike
  3338 | D:3      | Reached XP level 5. HP: 28/28 MP: 10/13
  3873 | D:4      | Reached skill level 5 in Spellcasting
  4085 | D:4      | Slain by a gnoll

Illustrated notes

Levels and vault maps discovered:
D:1:      dpeg_arrival_rooms_with_view, layout_basic, kennysheep_boxes
D:2:      layout_loops_corners, minmay_pentomino_w4
D:3:      layout_basic
D:4:      layout_gridville, minmay_temple_entry_crystal_x,
          minmay_misc_feat_roman

Skill      XL: |  1  2  3  4  5 |
---------------+----------------+-----
Conjurations   | 2 3 |  3.7
Spellcasting   | 4 5 |  5.2
Air Magic      | 4 |  4.6
Dodging        | |  2.4
Stealth        | |  2.4

Action                   |  1- 3 |  4- 6 || total
-------------------------+-------+-------++-------
Melee: Unarmed           |     8 |       ||     8
 Cast: Shock             |    87 |   103 ||   190
       Swiftness         |       |     1 ||     1
       Static Discharge  |       |     1 ||     1
Armor: Robe              |     6 |     3 ||     9
Dodge: Dodged            |    22 |     9 ||    31

Table legend: (Time is in decaauts)
 A = Elapsed time spent in this place.
 B = Non-inter-level travel time spent in this place.
 C = Inter-level travel time spent in this place.
 D = Time resting spent in this place.
 E = Time spent auto-exploring this place.
 F = Levels seen in this place.
 G = Mean time per level.
                   A        B        C        D        E       F      G
               +--------+--------+--------+--------+--------+-----+--------+
         Total |   4098 |   4014 |     84 |    596 |   2992 |   4 | 1024.5 |
       Dungeon |   4098 |   4014 |     84 |    596 |   2992 |   4 | 1024.5 |
               +--------+--------+--------+--------+--------+-----+--------+

Top non-repeatable levels by time:
     D:1: 1705 daAuts
     D:2: 1355 daAuts
     D:3: 654 daAuts
     D:4: 383 daAuts
